 Dungeon Crawl Stone Soup version 0.29-a0-872-g797fff5ad1 (webtiles) character file.

Game seed: 10704626171294536317

29 mathmaestro the Grave Robber (level 3, 22/26 HPs)
             Began as a Demonspawn Necromancer on July 18, 2022.
             Quit the game on level 1 of the Dungeon.
             The game lasted 00:02:09 (1067 turns).

mathmaestro the Grave Robber (DsNe)                 Turns: 1067, Time: 00:02:09

Health: 22/26      AC:  2    Str:  8    XL:     3   Next: 1%
Magic:  2/6        EV: 12    Int: 18    God:
Gold:   16         SH:  0    Dex: 13    Spells: 5/6 levels left

rFire   . . .      SeeInvis .   e - +0 short sword
rCold   . . .      Faith    .   (no shield)
rNeg    . . .      Spirit   .   a - +0 robe
rPois   .          Reflect  .   (helmet restricted)
rElec   .          Harm     .   (no cloak)
rCorr   .          Rampage  .   (no gloves)
Will    .....                   (no boots)
Stlth   ++........              (no amulet)
HPRegen 0.08/turn               (no ring)
MPRegen 0.10/turn               (no ring)

@: no status effects
A: antennae 1, foul stench 1
a: no special abilities


You were on level 1 of the Dungeon.
You visited 1 branch of the dungeon, and saw 1 of its levels.

You collected 16 gold pieces.

Inventory:

Hand Weapons
 e - a +0 short sword (weapon)
Armour
 a - a +0 robe (worn)
Scrolls
 c - a scroll of identify {unknown}
 g - a scroll of torment {unknown}
Potions
 b - 3 potions of magic
 d - a potion of attraction {unknown}
 f - a potion of might {unknown}


   Skills:
 + Level 1.1 Fighting
 - Level 2.0 Dodging
 - Level 2.0 Stealth
 + Level 2.4 Spellcasting
 + Level 4.7 Necromancy


You had 5 spell levels left.
You knew the following spells:

 Your Spells              Type           Power      Damage    Failure   Level
a - Necrotise             Necr           76%        1d7       2%          1

Your spell library contained the following spells:

 Spells                   Type           Power      Damage    Failure   Level
 Vampiric Draining        Necr           19%        2d7       8%          3
 Animate Dead             Necr           19%        N/A       26%         4
 Agony                    Necr           19%        N/A       56%         5


Dungeon Overview and Level Annotations

Branches:
Dungeon (1/15)

Altars:


Innate Abilities, Weirdness & Mutations

You have a pair of small antennae on your head.
You may rarely emit foul miasma when damaged in melee.


Message History

You closely miss the giant cockroach.
The giant cockroach is heavily wounded.
The giant cockroach barely misses you.
You hit the giant cockroach but do no damage.
The giant cockroach is heavily wounded.
The giant cockroach bites you.
You hit the giant cockroach but do no damage.
The giant cockroach is heavily wounded.
The giant cockroach misses you. The giant cockroach closely misses you.
You hit the giant cockroach but do no damage.
The giant cockroach is heavily wounded.
The giant cockroach bites you but does no damage.
Casting: Necrotise (safe; 3% risk of failure)
Confirm with . or Enter, or press ? or * to list all spells.
Aiming: Necrotise (safe; 3% risk of failure)
Press: ? - help, Shift-Dir - straight line, f - giant cockroach
Aim: a giant cockroach (heavily wounded, chance to affect: 86%)
The giant cockroach writhes in agony!
You kill the giant cockroach!
Casting: Necrotise (safe; 3% risk of failure)
Confirm with . or Enter, or press ? or * to list all spells.
Aiming: Necrotise (safe; 3% risk of failure)
Press: ? - help, Shift-Dir - straight line, f - quokka
Aim: a quokka (chance to affect: 86%)
The quokka writhes in agony.
The quokka bites you. The quokka closely misses you.
Casting: Necrotise (safe; 3% risk of failure)
Confirm with . or Enter, or press ? or * to list all spells.
Aiming: Necrotise (safe; 3% risk of failure)
Press: ? - help, Shift-Dir - straight line, f/p - quokka
Aim: a quokka (moderately wounded, chance to affect: 86%)
The quokka writhes in agony.
You kill the quokka!
The dead are hopping!
You have reached level 3!
Your experience leads to an increase in your attributes!
Increase (S)trength, (I)ntelligence, or (D)exterity?
You feel clever. x2; Your demonic ancestry asserts itself...
You begin to emit a foul stench of rot and decay.
Are you sure you want to abandon this character and quit the game? (Confirm with "yes".)

...####.#...#...#..............#
.#.# #.#.......#...#.##.#.#..##
##.# ##.##......#...#.##.#.#..#
#.###..........#...#.##.#.#..###
#..)...######..#...#.####....#.#
#######.....##.#...#.# #.#....#
##.##.###...##.####.##.#.#
#..###(##..##.#.........#
#.#.##.†@Z.##.#.##.##....
#.##.######.#.#.##.##.###
#.###.........#.##.##..#
#########...............#####''##
#...............#####'###≈≈......
#.#######.##..##..##...#≈≈..≈≈≈≈≈
#.# #>....#........#...#≈..≈≈...≈
#.# #..............)...#≈.≈≈..≈.[
#.# #........>.........#≈.≈≈.≈≈≈.


You could see a friendly quokka skeleton.

Vanquished Creatures
  2 endoplasms (D:1)
  A giant cockroach (D:1)
  2 goblins (D:1)
  2 hobgoblins (D:1)
  3 kobolds (D:1)
  2 quokkas (D:1)
  5 ball pythons (D:1)
  5 bats (D:1)
  A rat (D:1)
23 creatures vanquished.

Vanquished Creatures (collateral kills)
  An endoplasm (D:1)
  2 ball pythons (D:1)
3 creatures vanquished.

Grand Total: 26 creatures vanquished

Notes
Turn   | Place    | Note
-------+----------+-------------------------------------------
     0 | D:1      | mathmaestro the Demonspawn Necromancer began the quest for
                  | the Orb.
     0 | D:1      | Reached XP level 1. HP: 13/13 MP: 3/3
   253 | D:1      | Gained mutation: You have a pair of small antennae on your
                  | head. [demonic ancestry]
   253 | D:1      | Reached XP level 2. HP: 20/20 MP: 3/5
   738 | D:1      | Reached skill level 1 in Fighting
  1067 | D:1      | Gained mutation: You may rarely emit foul miasma when
                  | damaged in melee. [demonic ancestry]
  1067 | D:1      | Reached XP level 3. HP: 22/26 MP: 2/6
  1067 | D:1      | Quit the game

Illustrated notes

Levels and vault maps discovered:
D:1:      psy_arrival_whirlpool, layout_basic,
          hellmonk_ecumenical_altar_arch_garden, amcnicky_mini_corridor_feature,
          eino_curves_02, nrook_loot_triangle, st_stairs_5, minmay_cut_off

Skill      XL: |  1  2 |
---------------+-------+-----
Stealth        | 2 |  2.0
Dodging        | 2 |  2.0
Fighting       | 1 |  1.1
Spellcasting   | |  2.4
Necromancy     | |  4.7

Action                   || total
-------------------------++-------
Melee: Short sword       ||    15
 Cast: Necrotise         ||    33
 Stab: Sleeping          ||     1
Armor: Robe              ||     3
Dodge: Dodged            ||    22

Table legend: (Time is in decaauts)
 A = Elapsed time spent in this place.
 B = Non-inter-level travel time spent in this place.
 C = Inter-level travel time spent in this place.
 D = Time resting spent in this place.
 E = Time spent auto-exploring this place.
 F = Levels seen in this place.
 G = Mean time per level.
                   A        B        C        D        E       F      G
               +--------+--------+--------+--------+--------+-----+--------+
         Total |   1068 |   1068 |      0 |    216 |    710 |   1 | 1068.0 |
       Dungeon |   1068 |   1068 |      0 |    216 |    710 |   1 | 1068.0 |
               +--------+--------+--------+--------+--------+-----+--------+

Top non-repeatable levels by time:
     D:1: 1068 daAuts
